 Dungeon Sprint DCSS version 0.32-a0-42-ga30500b4d3 (webtiles) character file.

Game seed: 13486643873461639334

28182 rocky1 the Bludgeoner (level 13, -10/145 HPs)
             Began as a Gargoyle Fighter on Jan 27, 2024.
             Was an Initiate of Gozag.
             Mangled by a hell knight
             ... wielding a +4 war axe of flaming
              (12 damage)
             ... in the Dungeon (Sprint VII: "The Pits").
             The game lasted 00:20:10 (4931 turns).

rocky1 the Bludgeoner (Gargoyle Fighter)            Turns: 4931, Time: 00:20:11

Health: -10/145    AC: 46    Str: 24    XL:     13   Next: 37%
Magic:  13/13      EV: 11    Int:  5    God:    Gozag
Gold:   3819       SH:  0    Dex:  8    Spells: 6/12 levels left

rFire   + . .        B - +2 dire flail (protect)
rCold   + + +        (shield currently unavailable)
rNeg    + + .        C - +0 chain mail of Limited Liability {rC+++ rN+ Dex-3 Stlth-}
rPois   ∞            E - +0 helmet of the World {*Slow rPois Str+2 Slay+5}
rElec   +            D - +2 cloak of the True Pharaoh {rPois rF+ Int-5}
rCorr   .            v - +0 pair of gloves
SInv    +            (no boots)
Will    .....        (no amulet) Stlth
                     F - ring of the Tortoise {AC+8}
HPRegen 0.44/turn    z - ring of see invisible
MPRegen 0.13/turn

%: no teleportation, slow self (1%)
@: berserking (expiring), under a protective aura, glowing, very quick
A: sickness immunity, AC +9, negative energy resistance 1, electricity
resistance, torment resistance 1, petrification resistance
a: Renounce Religion, Potion Petition, Call Merchant, Bribe Branch


You were in the Dungeon.
You worshipped Gozag.
Gozag was most pleased with you.
You visited 1 branch You collected 12135 gold pieces.
You spent 2846 gold pieces at shops.
You paid 5470 gold pieces to Gozag.

Inventory:

Hand Weapons
 a - a +0 flail
 p - a +2 mace of protection
 B - a +2 dire flail of protection (weapon)
Missiles
 o - 25 poisoned darts (quivered)
Armour
 c - a +0 buckler
 d - the +2 cloak "Qygryt" {+Inv Fly rElec rF-}
   (You found it in the Dungeon)

   rF-:       It makes you vulnerable to fire.
   rElec:     It insulates you from electricity.
   +Inv:      It lets you turn invisible.
   Fly:       It grants you flight.
 v - a +0 pair of gloves (worn)
 w - a +1 helmet of intelligence
 C - the +0 chain mail of Limited Liability (worn) {rC+++ rN+ Dex-3 Stlth-}
   (You bought it in a shop in the Dungeon)

   Dex-3:     It affects your dexterity (-3).
   rC+++:     It renders you almost immune to cold.
   rN+:       It protects you from negative energy.
   Stlth-:    It makes you less stealthy.
 D - the +2 cloak of the True Pharaoh (worn) {rPois rF+ Int-5}
   (You bought it in a shop in the Dungeon)

   Int-5:     It affects your intelligence (-5).
   rF+:       It protects you from fire.
   rPois:     It protects you from poison
 E - the +0 helmet of the World (worn) {*Slow rPois Str+2 Slay+5}
   (You bought it in a shop in the Dungeon)

   Str+2:     It affects your strength (+2).
   Slay+5:    It affects your accuracy & damage with ranged weapons and melee
   (+5).
   rPois:     It protects you from poison *Slow: It may slow you when you take
   damage.
 G - a +1 pair of gloves of hurling
Jewellery
 i - a +3 ring of dexterity
 u - a ring of positive energy
 z - a ring of see invisible (right hand)
 F - the ring of the Tortoise (left hand) {AC+8}
   (You bought it in a shop in the Dungeon)

   [ring of protection]

   AC+8:      It affects your AC (+8).
Talismans
 J - a talisman of death
Wands
 b - a wand of mindburst (12)
 r - a wand of paralysis (6)
 A - a wand of flame (10)
 H - a wand of roots (14)
 I - a wand of digging (11)
Scrolls
 j - a scroll of blinking
 l - 2 scrolls of vulnerability
 m - 5 scrolls of amnesia
 n - a scroll of butterflies
 s - 2 scrolls of identify
 x - 6 scrolls of enchant armour
 y - 3 scrolls of fog
Potions
 e - 9 potions of curing
 f - a potion of heal wounds
 g - 2 potions of mutation
 h - 4 potions of magic
 k - a potion of berserk rage
 q - a potion of resistance
 t - a potion of brilliance


   Skills:
 + Level 18.1 Fighting
 + Level 18.9 Maces & Flails
 + Level 18.0 Armour
 + Level 6.7 Dodging
 - Level 14.1 Stealth
 + Level 14.3 Shields


You had 6 spell levels left.
You knew the following spells:

 Your Spells              Type           Power      Damage    Failure   Level
a - Sandblast             Erth           0%         2d4       86%         1
b - Lee's Rapid Deconstr  Erth           0%         3d4*      100%        5

Your spell library contained the following spells:

 Spells                   Type           Power      Damage    Failure   Level
 Passwall                 Erth           0%         N/A       99%         3
 Stone Arrow              Conj/Erth      0%         3d7       99%         3
 Volatile Blastmotes      Fire/Tloc      0%         2d10      99%         3
 Brom's Barrelling Bould  Conj/Erth      0%         2d3       100%        4
 Leda's Liquefaction      Alch/Erth      0%         N/A       100%        4
 Petrify                  Alch/Erth      0%         N/A       100%        4
 Fireball                 Conj/Fire      0%         3d3       100%        5
 Bombard                  Conj/Erth      0%         9d1       100%        6


Dungeon Overview and Level Annotations

Branches:
Dungeon (1/1)

Altars:
Ashenzari
Cheibriados
Dithmenos
Elyvilon
Fedhas
Gozag
Hepliaklqana
Kikubaaqudgha
Makhleb
Nemelex Xobeh
Okawaru
Qazlal
Ru
Sif Muna
Trog
Uskayaw
Vehumet
Wu Jian
Xom
Yredelemnul
Zin
The Shining One
Jiyva
Lugonu

Shops:
D (=[

Annotations:
D Mennas


Innate Abilities, Weirdness & Mutations

You are immune to sickness and miasma.
Your stone body is resilient. (AC +9)
You are immune to poison.
You resist negative energy. (rN+)
You are resistant to electric shocks. (rElec)
You are resistant to unholy torment.
You are immune to petrification.


Message History

Mennas hits you with a +0 sacred scourge of holy wrath!
* * * LOW HITPOINT WARNING * * *
Mennas barely misses you.
You puncture Mennas!
Mennas is heavily wounded.
Mennas becomes audible again.
The hell knight calls down the wrath of its god upon you.
The bolt of fire hits the hell knight.
The hell knight completely resists.
The bolt of fire hits you but does no damage.
The hell knight closely misses you.
The hell knight utters an invocation to its god.
The hell knight seems to speed up.
The hell knight closely misses you. Mennas blocks your attack.
Mennas is heavily wounded.
Mennas is caught in a moment of prayer.
Mennas hits you with a +0 sacred scourge of holy wrath.
* * * LOW HITPOINT WARNING * * *
Mennas hits you with a +0 sacred scourge of holy wrath.
* * * LOW HITPOINT WARNING * * *
You barely miss Mennas.
Mennas is heavily wounded.
The hell knight invokes the aid of its god against you.
The bolt of fire hits you. You resist.
* * * LOW HITPOINT WARNING * * *
The hell knight closely misses you. x2
You thump Mennas!
Mennas is heavily wounded.
Mennas hits you but does no damage. x2
The hell knight hits you but does no damage.
You barely miss Mennas.
Mennas is heavily wounded.
Mennas completely misses you. Mennas closely misses you.
Mennas blocks your attack.
Mennas is heavily wounded.
The hell knight prays to its god.
The hell knight seems to speed up.
The hell knight closely misses you.
The hell knight hits you but does no damage.
The hell knight hits you with a +4 war axe of flaming!
You die...
Your body crumbles into a pile of gold.

###########################+#
................@.pppp......#
................pAppp.......#
##########++##############..#
#..# #..# #..# #..# #A.# #..#


You could see Mennas, 4 hell knights and 4 necromancers.

Vanquished Creatures
  A nagaraja (D)
  2 ghost moths (D)
  An orc warlord (D)
  A green draconian (D)
  An eidolon (D)
  A rakshasa (D)
  3 hydras (D)
  A hell beast (D)
  2 merfolk avatars (D)
  A two-headed ogre (D)
  An alligator snapping turtle (D)
  A naga warrior (D)
  2 demonic crawlers (D)
  An orc high priest (D)
  A shadow wraith (D)
  A deep troll (D)
  2 large abominations (D)
  A sea snake (D)
  A swamp dragon (D)
  A lindwurm (D)
  A deep elf pyromancer (D)
  A cyclops (D)
  A salamander (D)
  5 elephants (D)
  A rust devil (D)
  An orange demon (D)
  A guardian serpent (D)
  A molten gargoyle (D)
  2 gargoyles (D)
  2 cane toads (D)
  A rime drake (D)
  A tormentor (D)
  A freezing wraith (D)
  A kobold demonologist (D)
  2 wind drakes (D)
  2 guardian mummies (D)
  2 red devils (D)
  2 trolls (D)
  A hornet (D)
  A tarantella (D)
  4 dream sheep (D)
  A ynoxinul (D)
  5 yaks (D)
  A vampire (D)
  A wyvern (D)
  A wraith (D)
  A steam dragon (D)
  A fire elemental (D)
  4 wargs (D)
  A redback (D)
  4 hell hounds (D)
  Duvessa (D)
  A naga (D)
  3 orc warriors (D)
  A small abomination (D)
  A centaur (D)
  4 kobold brigands (D)
  A gnoll sergeant (D)
  2 scorpions (D)
  8 wights (D)
  Dowan (D)
  A jelly (D)
  2 hounds (D)
  Ijyb (D)
  A mummy (D)
  4 gnolls (D)
  2 adders (D)
  3 river rats (D)
  2 ufetubi (D)
  2 orcs (D)
  An endoplasm (D)
  A hobgoblin (D)
  3 kobolds (D)
  A ball python (D)
  A ball python zombie (D)
  A bat (D)
  2 rats (D)
131 creatures vanquished.

Vanquished Creatures (others)
  An unseen horror (D)
  An orc wizard (D)
2 creatures vanquished.

Grand Total: 133 creatures vanquished

Notes
Turn   | Place    | Note
-------+----------+-------------------------------------------
     0 | D        | rocky1 the Gargoyle Fighter began the quest for the Orb.
     0 | D        | Reached XP level 1. HP: 14/14 MP: 1/1
    26 | D        | Reached XP level 2. HP: 10/20 MP: 2/2
    30 | D        | Found a bloodstained altar of Trog.
    30 | D        | Found a shimmering blue altar of Sif Muna.
    30 | D        | Found a viscous altar of Jiyva.
    30 | D        | Found a hazy altar of Hepliaklqana.
    30 | D        | Found an opulent altar of Gozag.
    31 | D        | Found a glowing golden altar of the Shining One.
    31 | D        | Found a glowing silver altar of Zin.
    31 | D        | Found a basalt altar of Yredelemnul.
    31 | D        | Found a shimmering altar of Xom.
    31 | D        | Found an ornate altar of the Wu Jian Council.
    31 | D        | Found a sacrificial altar of Ru.
    31 | D        | Found a stormy altar of Qazlal.
    31 | D        | Found an iron altar of Okawaru.
    31 | D        | Found a sparkling altar of Nemelex Xobeh.
    31 | D        | Found a burning altar of Makhleb.
    31 | D        | Found a blossoming altar of Fedhas.
    31 | D        | Found a white marble altar of Elyvilon.
    31 | D        | Found a shadowy altar of Dithmenos.
    31 | D        | Found a snail-covered altar of Cheibriados.
    34 | D        | Found a corrupted altar of Lugonu.
    34 | D        | Found a radiant altar of Vehumet.
    35 | D        | Found an ancient bone altar of Kikubaaqudgha.
    35 | D        | Found a hide-covered altar of Uskayaw.
    35 | D        | Found a broken altar of Ashenzari.
    38 | D        | Became a worshipper of Gozag Ym Sagoz the Greedy
   184 | D        | Noticed a scorpion
   187 | D        | Reached XP level 3. HP: 24/24 MP: 3/3
   197 | D        | Killed a scorpion
   198 | D        | Reached skill level 5 in Fighting
   198 | D        | Reached skill level 5 in Armour
   198 | D        | Reached skill level 1 in Dodging
   198 | D        | Reached skill level 5 in Shields
   198 | D        | Reached XP level 4. HP: 20/32 MP: 4/4
   304 | D        | Noticed a kobold brigand
   323 | D        | Killed a kobold brigand
   324 | D        | Reached skill level 5 in Maces & Flails
   324 | D        | Reached XP level 5. HP: 22/36 MP: 5/5
   459 | D        | Noticed a warg
   477 | D        | Reached XP level 6. HP: 23/42 MP: 6/6
   483 | D        | Killed a warg
   484 | D        | Reached skill level 1 in Stealth
   485 | D        | Reached XP level 7. HP: 46/48 MP: 7/7
   597 | D        | Noticed a deep troll
   609 | D        | Killed a deep troll
   610 | D        | Reached skill level 10 in Maces & Flails
   610 | D        | Reached skill level 10 in Armour
   610 | D        | Reached XP level 8. HP: 54/54 MP: 8/8
   753 | D        | Noticed Duvessa
   753 | D        | Noticed Dowan
   761 | D        | Killed Dowan
   791 | D        | Killed Duvessa
   996 | D        | Noticed a sea snake
  1018 | D        | Killed a sea snake
  1019 | D        | Reached XP level 9. HP: 36/60 MP: 9/9
  1254 | D        | Noticed a rime drake
  1254 | D        | Noticed Ijyb
  1254 | D        | Noticed a cane toad
  1263 | D        | Killed a cane toad
  1273 | D        | Killed a rime drake
  1283 | D        | Killed Ijyb
  1471 | D        | Noticed a gargoyle
  1471 | D        | Noticed a red devil
  1472 | D        | Noticed a kobold demonologist
  1472 | D        | Noticed an orange demon
  1495 | D        | Killed a kobold demonologist
  1496 | D        | Reached skill level 5 in Stealth
  1519 | D        | Killed a gargoyle
  1526 | D        | Killed a red devil
  1527 | D        | Reached skill level 10 in Shields
  1527 | D        | Reached XP level 10. HP: 66/66 MP: 10/10
  1538 | D        | Killed an orange demon
  1629 | D        | Reached skill level 10 in Fighting
  1787 | D        | Noticed a nagaraja
  1809 | D        | Killed a ghost moth
  1856 | D        | Killed a nagaraja
  1857 | D        | Reached skill level 15 in Maces & Flails
  1857 | D        | Reached XP level 11. HP: 42/74 MP: 3/11
  1874 | D        | Got the Directory of Experimentation
  2214 | D        | Learned a level 1 spell: Sandblast
  2259 | D        | Noticed a demonic crawler
  2269 | D        | Reached skill level 5 in Dodging
  2299 | D        | Killed a demonic crawler
  2454 | D        | Noticed a lindwurm
  2454 | D        | Noticed a demonic crawler
  2455 | D        | Noticed an eight-headed hydra
  2469 | D        | Noticed a merfolk avatar
  2479 | D        | Killed a demonic crawler
  2480 | D        | Reached skill level 15 in Armour
  2509 | D        | Killed an eight-headed hydra
  2527 | D        | Killed a merfolk avatar
  2547 | D        | Killed a lindwurm
  2927 | D        | Bought a spiked chain mail for 266 gold pieces
  2927 | D        | Identified the +0 chain mail of Limited Liability {rC+++
                  | rN+ Dex-3 Stlth-} (You bought it in a shop in the Dungeon)
  2927 | D        | Bought a transparent cloak for 266 gold pieces
  2927 | D        | Identified the +2 cloak of the True Pharaoh {rPois rF+
                  | Int-5} (You bought it in a shop in the Dungeon)
  2927 | D        | Bought a faintly humming helmet for 266 gold pieces
  2927 | D        | Identified the +0 helmet of the World {*Slow rPois Str+2
                  | Slay+5} (You bought it in a shop in the Dungeon)
  3008 | D        | Bought the ring of the Tortoise {AC+8} for 2048 gold pieces
  3008 | D        | Found the ring of the Tortoise {AC+8}
  3045 | D        | Reached XP level 12. HP: 86/86 MP: 12/12
  3085 | D        | Noticed a naga warrior
  3085 | D        | Noticed a hell beast
  3101 | D        | Killed a hell beast
  3115 | D        | Killed a naga warrior
  3116 | D        | Reached skill level 15 in Fighting
  3642 | D        | Noticed a seven-headed hydra
  3656 | D        | Killed a seven-headed hydra
  4109 | D        | Noticed an alligator snapping turtle
  4109 | D        | Noticed an eidolon
  4109 | D        | Noticed an orc warlord
  4127 | D        | Killed an eidolon
  4136 | D        | Killed an alligator snapping turtle
  4143 | D        | Killed an orc warlord
  4164 | D        | Reached skill level 10 in Stealth
  4198 | D        | Got the +2 cloak "Qygryt" {+Inv Fly rElec rF-}
  4354 | D        | Noticed a merfolk avatar
  4366 | D        | Killed a merfolk avatar
  4374 | D        | Noticed an orc high priest
  4378 | D        | Noticed a rakshasa
  4383 | D        | Killed an orc high priest
  4412 | D        | Killed a rakshasa
  4418 | D        | Noticed a green draconian
  4429 | D        | Killed a ghost moth
  4430 | D        | Reached XP level 13. HP: 59/96 MP: 0/13
  4458 | D        | Killed a green draconian
  4819 | D        | Learned a level 5 spell: Lee's Rapid Deconstruction
  4876 | D        | Noticed Mennas
  4927 | D        | HP: 3/145 [Mennas/+0 sacred scourge of holy wrath (6)]
  4931 | D        | Mangled by a hell knight

Illustrated notes

Levels and vault maps discovered:
D:        pitsprint [storerooms_1, entrance_room_1, metal_vault_1, armoury_2,
          mini_pit_1, grid_room_1, main_hall_1, silver_pit, the_coven_1,
          the_vestibule_1, steel_vault_1, golden_pit, hallway_of_sentries,
          crystal_vault_5, iron_vault_1, final_vault]

Skill      XL: |  1  2  3  4  5  6  7  8  9 10 11 12 13 |
---------------+----------------------------------------+-----
Fighting       | 4 5 6 7 8 9 11 14 17 18 | 18.1
Armour         | 4 5 6 7 8 10 11 13 14 15 17 18 | 18.0
Shields        | 4 5 6 7 8 9 10 12 14 | 14.3
Maces & Flails | 3 5 6 8 10 12 13 15 16 18 | 18.9
Dodging        | 1 2 3 4 5 6 |  6.7
Stealth        | 1 2 7 8 12 14 | 14.1

Action                     |  1- 3 |  4- 6 |  7- 9 | 10-12 | 13-15 || total
---------------------------+-------+-------+-------+-------+-------++-------
  Melee: Flail             |    30 |    36 |       |       |       ||    66
         Mace              |       |    42 |   192 |   328 |       ||   562
         Dire flail        |       |       |       |   211 |    93 ||   304
  Throw: Dart              |       |       |       |       |     1 ||     1
 Invoke: Call Merchant     |       |       |     2 |     1 |       ||     3
         Potion Petition   |       |       |       |     6 |       ||     6
    Use: Potion            |       |     2 |     6 |    12 |     2 ||    22
         Scroll            |       |       |       |       |     1 ||     1
   Stab: Distracted        |       |     1 |       |     1 |     3 ||     5
         Invisible         |       |       |    11 |    13 |       ||    24
 Armour: Scale mail        |    19 |    41 |       |       |       ||    60
         Plate armour      |       |    65 |   147 |   294 |       ||   506
         Chain mail        |       |       |       |   178 |    94 ||   272
         Skin              |       |       |       |    32 |       ||    32
  Dodge: Dodged            |    17 |    41 |    47 |   171 |    31 ||   307
  Block: Buckler           |     8 |    24 |    56 |    94 |       ||   182

Table legend: (Time is in decaauts)
 A = Elapsed time spent in this place.
 B = Non-inter-level travel time spent in this place.
 C = Inter-level travel time spent in this place.
 D = Time resting spent in this place.
 E = Time spent auto-exploring this place.
 F = Levels seen in this place.
 G = Mean time per level.
                   A        B        C        D        E       F      G
               +--------+--------+--------+--------+--------+-----+--------+
         Total |   4731 |   4547 |    184 |   2573 |      0 |   1 | 4731.0 |
       Dungeon |   4731 |   4547 |    184 |   2573 |      0 |   1 | 4731.0 |
               +--------+--------+--------+--------+--------+-----+--------+

Top non-repeatable levels by time:
       D: 4731 daAuts
